 Dungeon Crawl Stone Soup version 0.26-a0-572-g753d7e3450 (webtiles) character file.

Game seed: 5113320455579993689

242 P0NYSLAYSTATION the Chopper (level 6, 0/55 HPs)
             Began as a Hill Orc Monk on Aug 20, 2020.
             Was a Believer of Yredelemnul.
             Slain by a bullfrog (6 damage)
             ... on level 3 of the Dungeon.
             The game lasted 00:08:26 (2212 turns).

P0NYSLAYSTATION the Chopper (Hill Orc Monk)         Turns: 2212, Time: 00:08:28

Health: 0/55       AC:  2    Str: 16    XL:     6   Next: 9%
Magic:  6/6        EV: 13    Int: 10    God:    Yredelemnul [**....]
Gold:   121        SH:  0    Dex: 13    Spells: 5/5 levels left

rFire    . . .     SeeInvis .   a - +0 hand axe
rCold    . . .     Faith    .   (no shield)
rNeg     . . .     Spirit   .   b - +0 robe
rPois    .         Reflect  .   (no helmet)
rElec    .         Harm     .   (no cloak)
rCorr    .                      (no gloves)
MR       .....                  (no boots)
Stlth    ++........             (no amulet)
HPRegen  0.18/turn              (no ring)
MPRegen  0.10/turn              (no ring)

@: no status effects
A: no striking features
a: Animate Remains, Recall Undead Slaves, Injury Mirror, Renounce Religion


You were on level 3 of the Dungeon.
You worshipped Yredelemnul.
Yredelemnul was pleased with you.
You visited 2 branches of the dungeon, and saw 6 of its levels.

You collected 121 gold pieces.

Inventory:

Hand Weapons
 a - a +0 hand axe (weapon)
Missiles
 m - 2 javelins (quivered)
Armour
 b - a +0 robe (worn)
 g - a +0 chain mail
 o - a +0 scale mail
Jewellery
 h - a +4 ring of protection {unknown}
Scrolls
 c - a scroll of noise {unknown}
 d - a scroll of teleportation {unknown}
 e - a scroll of amnesia {unknown}
 f - a scroll of identify {unknown}
 j - 2 scrolls of remove curse {unknown}
 k - a scroll of fear {unknown}
 n - a scroll of fog {unknown}
Potions
 i - 2 potions of curing
 l - 2 potions of cancellation {unknown}


   Skills:
 + Level 4.8 Fighting
 + Level 6.6 Axes
 + Level 3.3 Dodging
 + Level 2.0 Stealth
 + Level 0.5 Invocations


You had 5 spell levels left.
You didn't know any spells.
Your spell library was empty.

Dungeon Overview and Level Annotations

Branches:
Dungeon (5/15)             Temple (1/1) D:5

Altars:
Ashenzari
Cheibriados
Elyvilon
Hepliaklqana
Kikubaaqudgha
Sif Muna
Wu Jian
Xom
Yredelemnul
The Shining One


Message History

You are too injured to fight recklessly!
You are too injured to fight recklessly!
You are too injured to fight recklessly!
You are too injured to fight recklessly!
You are too injured to fight recklessly!
You are too injured to fight recklessly!
You barely miss the bullfrog.
The bullfrog is heavily wounded.
The bullfrog hits you! The bullfrog closely misses you.
You barely miss the bullfrog.
The bullfrog is heavily wounded.
The bullfrog hits you!
* * * LOW HITPOINT WARNING * * *
You hit the bullfrog.
The bullfrog is heavily wounded.
The bullfrog hits you.
* * * LOW HITPOINT WARNING * * *
The bullfrog hits you.
You die...
Your body rises from the dead as a mindless zombie.

######### #......
...............###......
..............†........)
..........##...†........
........#...............
..........#.............
........................
.......F#.............#.
#@#.##.........##.
#........#.....#..
##................
#.................
#.................
####................#
...............)....#
####................#
#.......)........#


You could see a bullfrog.

Vanquished Creatures
  An ogre (D:3)
  A scorpion (D:4)
  An iguana (D:4)
  A hound zombie (D:5)
  2 adders (D:3)
  2 oozes (D:1)
  A worm (D:4)
  A dart slug (D:2)
  A leopard gecko (D:3)
  An orc (D:3)
  5 giant cockroaches
  A goblin (D:3)
  3 hobgoblins
  4 jackals
  A quokka (D:2)
  4 bats
  A frilled lizard (D:5)
  A kobold (D:1)
  4 rats
36 creatures vanquished.

Vanquished Creatures (collateral kills)
  A giant cockroach (D:3)
  A goblin (D:3)
2 creatures vanquished.

Vanquished Creatures (others)
  An ogre zombie (D:3)
1 creature vanquished.

Grand Total: 39 creatures vanquished

Notes
Turn   | Place    | Note
-------+----------+-------------------------------------------
     0 | D:1      | P0NYSLAYSTATION the Hill Orc Monk began the quest for the
                  | Orb.
     0 | D:1      | Reached XP level 1. HP: 19/19 MP: 1/1
    41 | D:1      | Reached XP level 2. HP: 25/27 MP: 2/2
   343 | D:2      | Reached XP level 3. HP: 28/33 MP: 3/3
   411 | D:3      | Noticed a bullfrog
   808 | D:3      | Noticed an ogre
   938 | D:4      | Noticed a scorpion
   952 | D:5      | Entered Level 5 of the Dungeon
   953 | D:5      | Found a staircase to the Ecumenical Temple.
   963 | Temple   | Entered the Ecumenical Temple
   976 | Temple   | Became a worshipper of Yredelemnul the Dark
   976 | Temple   | Reached * piety under Yredelemnul
   976 | Temple   | Reached ** piety under Yredelemnul
  1066 | D:5      | Reached skill level 5 in Axes
  1066 | D:5      | Reached XP level 4. HP: 14/40 MP: 4/4
  1269 | D:4      | Reached XP level 5. HP: 36/47 MP: 5/5
  1548 | D:4      | Noticed a phantom
  1857 | D:3      | Killed an ogre
  1857 | D:3      | Reached skill level 6 in Axes
  1857 | D:3      | Reached XP level 6. HP: 12/55 MP: 6/6
  2212 | D:3      | Slain by a bullfrog

Illustrated notes

Levels and vault maps discovered:
D:1:      psy_arrival_dodecagon, layout_loops_ring, nrook_mini_vaults
D:2:      layout_loops_cross, minivault_27
D:3:      layout_rooms, grunt_temple_overflow_gold_and_silver,
          lemuel_crystal_altar
D:4:      layout_basic, kennysheep_nub, uniq_menkaure
D:5:      layout_loops_ring, nicolae_overflow_hidden_temple,
          kennysheep_little_box, minmay_temple_entry_glass, basic_altar,
          gup_sewer_entry_bubbles, uniq_blork_the_orc
Temple:   cyrus_circular_temple

Skill      XL: |  1  2  3  4  5 |
---------------+----------------+-----
Fighting       | 4 |  4.8
Axes           | 5 6 |  6.6
Dodging        | 3 |  3.3
Stealth        | 2 |  2.0
Invocations    | |  0.5

Action                   |  1- 3 |  4- 6 || total
-------------------------+-------+-------++-------
Melee: Hand axe          |   107 |    68 ||   175
Invok: Injury Mirror     |     1 |     1 ||     2
       Animate Remains   |       |     1 ||     1
  Use: Potion            |     2 |     1 ||     3
 Stab: Sleeping          |     2 |       ||     2
Armor: Robe              |    18 |     4 ||    22
Dodge: Dodged            |    98 |    45 ||   143

Table legend: (Time is in decaauts)
 A = Elapsed time spent in this place.
 B = Non-inter-level travel time spent in this place.
 C = Inter-level travel time spent in this place.
 D = Time resting spent in this place.
 E = Time spent auto-exploring this place.
 F = Levels seen in this place.
 G = Mean time per level.
                   A        B        C        D        E       F      G
               +--------+--------+--------+--------+--------+-----+--------+
         Total |   2219 |   2218 |      1 |   1148 |    485 |   6 |  369.8 |
       Dungeon |   2124 |   2123 |      1 |   1074 |    485 |   5 |  424.8 |
        Temple |     95 |     95 |      0 |     74 |      0 |   1 |   95.0 |
               +--------+--------+--------+--------+--------+-----+--------+

Top non-repeatable levels by time:
     D:3: 822 daAuts
     D:4: 718 daAuts
     D:5: 215 daAuts
     D:1: 198 daAuts
     D:2: 170 daAuts
  Temple: 95 daAuts
